AoeStats
← hoppe.marc

Fortress

508283717Analyzed
4v4 RM · 11d ago on Sep 21, 2026· 101m 32s· 8 players
Game mode
Random Map
Map size
Huge
Population
200
Speed
Normal
Resources
Standard
Victory
Conquest
Starting age
Dark Age
Ending age
Imperial Age
RankedLock teamsTeams togetherTeam positionsShared explorationLock speedFull tech treeHidden civsTurbo modeCheats
Victory
Defeat
🇫🇷 Hindustanis · France
902
+32
🇫🇷 Persians · France
769
+20
🇫🇷 Inca · France
761
+26
🇫🇷 Spanish · France
715
+20
🇨🇦 Khmer · Canada
819
-17
🇫🇷 Bulgarians · France
801
-17
🇺🇸 Celts · United States
782
-16
🇺🇸 Vietnamese · United States
750
-15
whiteboytroy82
9:54 Feudal Age
11:03 Double-Bit Axe
11:16 Gold Mining
11:17 Stone Mining
11:11 Horse Collar
11:42 Man-at-Arms
17:24 Castle Age
16:06 Forging
18:13 Wheelbarrow
17:26 Town Watch
17:27 Loom
27:45 Bow Saw
34:00 Imperial Age
32:57 Caravan
33:21 Gambesons
36:06 Iron Casting
38:55 Blast Furnace
40:16 Scale Mail Armor
40:08 Fletching
41:06 Gold Shaft Mining
41:29 Chain Mail Armor
43:32 Plate Mail Armor
43:52 Elite Woad Raider
47:34 Murder Holes
48:41 Chemistry
48:57 Pikeman
50:08 Halberdier
51:10 Heavy Scorpion
52:15 Ballistics
52:41 Hand Cart
60:06 Long Swordsman
60:32 Arson
61:32 Hand Cart
61:18 Town Patrol
67:35 Bodkin Arrow
67:47 Scale Barding Armor
67:51 Siege Engineers
67:38 Guard Tower
67:34 Arrowslits
67:30 Treadmill Crane
70:30 Keep
70:08 Fortified Wall
71:07 Chain Barding Armor
81:07 Onager
81:56 Padded Archer Armor
86:00 Shipwright
85:51 Clinker Construction
85:32 Heated Shot
85:37 Stronghold
86:40 Elite Skirmisher
92:05 Cavalier
92:46 Husbandry
The_Lumberjack
9:40 Feudal Age
12:52 Castle Age
10:54 Double-Bit Axe
12:21 Stone Mining
12:19 Horse Collar
14:44 Bow Saw
20:30 Elite Skirmisher
23:17 Padded Archer Armor
23:08 Fletching
23:31 Forging
23:27 Scale Barding Armor
23:50 Gold Mining
24:36 Stone Shaft Mining
25:45 Leather Archer Armor
26:50 Gold Shaft Mining
26:36 Scale Mail Armor
28:21 Chain Barding Armor
28:37 Iron Casting
27:57 Bodkin Arrow
28:18 Chain Mail Armor
29:01 Wheelbarrow
28:39 Caravan
30:05 Hand Cart
34:21 Imperial Age
31:37 Town Watch
34:38 Capped Ram
34:48 Heavy Scorpion
35:36 Double Crossbow
35:56 Conscription
37:18 Plate Barding Armor
37:44 Blast Furnace
36:45 Bracer
37:16 Ring Archer Armor
36:37 Pikeman
38:29 Heavy Plow
38:43 Halberdier
42:26 Chemistry
41:38 Fortified Wall
40:58 Elite Battle Elephant
44:16 Town Patrol
44:03 Loom
43:55 Imperial Skirmisher
49:06 Siege Ram
55:33 Arson
56:52 Ballistics
56:38 Siege Engineers
63:46 Tusk Swords
63:07 Elite Ballista Elephant
69:22 Light Cavalry
70:13 Bloodlines
70:04 Husbandry
82:57 Hussar
94:01 Cavalier
KRATOS25085670
8:09 Feudal Age
8:16 Loom
10:27 Double-Bit Axe
10:32 Horse Collar
13:08 Castle Age
14:59 Heavy Plow
25:39 Gold Mining
26:03 Bow Saw
27:23 Fortified Wall
33:00 Imperial Age
32:37 Forging
32:33 Scale Barding Armor
33:13 Stone Mining
37:07 Elite Battle Elephant
38:28 Iron Casting
38:14 Chain Barding Armor
39:11 Stone Shaft Mining
39:13 Fletching
41:32 Chemistry
42:27 Elite Rattan Archer
43:08 Bodkin Arrow
43:16 Padded Archer Armor
47:15 Bracer
47:31 Leather Archer Armor
52:19 Ballistics
63:04 Wheelbarrow
70:28 Plate Barding Armor
70:01 Chatras
70:23 Paper Money
74:33 Onager
87:38 Ring Archer Armor
87:08 Scale Mail Armor
86:35 Pikeman
89:48 Halberdier
99:44 Two-Man Saw
kriber
3:05 Loom
11:06 Feudal Age
12:05 Double-Bit Axe
12:06 Horse Collar
19:27 Scale Barding Armor
19:35 Forging
19:26 Scale Mail Armor
21:55 Castle Age
20:47 Bloodlines
20:33 Fletching
20:57 Gold Mining
21:03 Stone Mining
23:59 Heavy Plow
24:12 Bow Saw
24:43 Husbandry
25:06 Chain Barding Armor
25:22 Iron Casting
24:57 Caravan
26:01 Gold Shaft Mining
26:03 Stone Shaft Mining
25:32 Bodkin Arrow
26:05 Stirrups
26:56 Murder Holes
31:02 Imperial Age
29:10 Wheelbarrow
30:48 Hand Cart
30:20 Town Watch
33:13 Blast Furnace
32:50 Plate Barding Armor
31:42 Light Cavalry
33:49 Elite Konnik
35:52 Conscription
36:57 Siege Engineers
38:16 Chain Mail Armor
71:15 Plate Mail Armor
70:53 Squires
Emi578
8:12 Feudal Age
9:33 Wheelbarrow
9:02 Double-Bit Axe
12:32 Gold Mining
13:12 Horse Collar
18:22 Castle Age
18:31 Crossbowman
19:26 Thumb Ring
18:48 Man-at-Arms
18:50 Pikeman
19:32 Squires
23:38 Bow Saw
25:00 Gold Shaft Mining
28:56 Hand Cart
29:02 Heavy Plow
30:58 Husbandry
31:13 Bloodlines
33:27 Stone Mining
35:00 Elite Skirmisher
38:33 Imperial Age
41:06 Heavy Camel Rider
46:41 Conscription
53:31 Hoardings
53:54 Murder Holes
58:36 Two-Man Saw
76:18 Forging
76:09 Scale Mail Armor
76:48 Padded Archer Armor
77:32 Fletching
83:12 Ballistics
84:28 Chemistry
92:50 Leather Archer Armor
92:31 Bodkin Arrow
92:43 Scale Barding Armor
95:58 Chain Mail Armor
Sentnel
2:36 Loom
6:37 Feudal Age
13:09 Castle Age
11:08 Double-Bit Axe
18:53 Wheelbarrow
19:20 Horse Collar
19:54 Scale Mail Armor
21:45 Bow Saw
21:36 Heavy Plow
27:33 Imperial Age
29:22 Hand Cart
34:15 Caravan
36:03 Forging
36:09 Chain Mail Armor
35:18 Elite Kamayuk
43:03 Fabric Shields
43:09 Fabric Shields
48:04 Plate Mail Armor
48:09 Iron Casting
59:34 Town Watch
60:25 Crop Rotation
60:33 Guilds
60:45 Town Patrol
69:02 Blast Furnace
79:18 Squires
79:04 Arson
79:13 Gold Mining
79:14 Stone Mining
Tibou
8:15 Feudal Age
6:31 Loom
12:00 Castle Age
11:28 Bloodlines
11:03 Horse Collar
11:34 Double-Bit Axe
17:28 Bow Saw
18:27 Scale Barding Armor
18:29 Husbandry
22:34 Heavy Plow
22:58 Chain Barding Armor
23:45 Wheelbarrow
24:35 Gold Mining
24:36 Stone Mining
27:41 Hand Cart
31:47 Imperial Age
29:05 Town Watch
31:36 Town Patrol
32:38 Forging
33:04 Plate Barding Armor
32:20 Cavalier
34:11 Two-Man Saw
33:50 Stone Shaft Mining
35:43 Iron Casting
34:52 Paladin
36:10 Caravan
37:47 Blast Furnace
47:02 Light Cavalry
47:51 Squires
49:49 Pikeman
50:15 Arson
51:34 Hussar
57:08 Guilds
56:22 Halberdier
59:53 Conscription
81:51 Scale Mail Armor
hoppe.marc
4:26 Loom
8:11 Feudal Age
12:00 Castle Age
10:30 Double-Bit Axe
13:26 Fletching
16:05 Forging
18:02 Scale Barding Armor
23:20 Wheelbarrow
23:57 Bloodlines
23:48 Horse Collar
29:47 Imperial Age
29:42 Hand Cart
29:56 Heavy Plow
29:54 Gold Mining
31:35 Bow Saw
33:26 Gold Shaft Mining
34:31 Kamandaran
34:52 Conscription
35:08 Hoardings
35:03 Citadels
35:14 Thumb Ring
34:30 Crossbowman
35:33 Chain Barding Armor
35:49 Iron Casting
35:11 Fletching
37:00 Plate Barding Armor
39:16 Blast Furnace
38:13 Bodkin Arrow
38:34 Cavalier
40:40 Crop Rotation
41:31 Two-Man Saw
41:20 Padded Archer Armor
41:23 Stone Mining
41:08 Savar
42:53 Ballistics
46:18 Citadels
46:59 Murder Holes
52:59 Elite War Elephant
62:18 Guilds
62:09 Caravan
77:34 Hoardings
85:02 Leather Archer Armor
86:13 Devotion
Connection lost

Rejoining the realm…

Still unreachable

The connection could not be restored.

Session expired

The server has moved on; the page needs a fresh start.